 Dungeon Sprint DCSS version 0.23.1 (webtiles) character file.

Game seed: 10691613192348512093

2212 wilfster70 the Brawler (level 14, -7/157 HPs)
             Began as a Troll Fighter on Mar 12, 2019.
             Was an Initiate of Gozag.
             Mangled by a two-headed ogre
             ... wielding a +0 giant spiked club
              (20 damage)
             ... in the Dungeon (Sprint VI: "Thunderdome").
             The game lasted 00:26:26 (2220 turns).

wilfster70 the Brawler (Troll Fighter)              Turns: 2220, Time: 00:26:27

Health: -7/157     AC: 30    Str: 23    XL:     14   Next: 4%
Magic:  22/23      EV:  3    Int: 11    God:    Gozag
Gold:   962        SH: 16    Dex: 14    Spells: 22/26 levels left

rFire    + + +     SeeInvis +     - Unarmed
rCold    + + +     Gourm    +   q - +5 shield of the Rabble {Str-4 Dex+2 SInv}
rNeg     + . .     Faith    .   b - +8 gold dragon scales
rPois    +         Spirit   .   y - +0 hat of Idealism {MR+ Dex+3}
rElec    +         Reflect  .   t - +0 cloak
rCorr    .         Harm     .   (gloves unavailable)
MR       ++...     NoTele   +   (boots unavailable)
Stlth    ..........             r - amulet "Riniv" {Acrobat rF+ rC+ rN+}
HPRegen  0.76/turn              p - ring "Jioziomo" {+Fly rElec rPois rF+ rC+}
MPRegen  0.18/turn              w - ring "Vecieggu" {rF+ Int+3}

@: gold aura, very slightly contaminated
A: large, unfitting armour, claws 3, fast metabolism 3, gourmand, regeneration
1, screaming 1, shaggy fur 1, tough skin 3
}: 2/15 runes: decaying, gossamer
a: Potion Petition, Call Merchant, Bribe Branch, Renounce Religion, Evoke Flight


You were in the Dungeon.
You worshipped Gozag.
Gozag was pleased with you.
You were not hungry.

You visited 1 branch You collected 8634 gold pieces.
You spent 7672 gold pieces at shops.

Inventory:

Armour
 b - +8 gold dragon scales (worn)
 q - the +5 shield of the Rabble (worn) {Str-4 Dex+2 SInv}
   (You bought it in a shop in the Dungeon)

   It affects your strength (-4).
   It affects your dexterity (+2).
   It lets you see invisible.
 t - a +0 cloak (worn)
 y - the +0 hat of Idealism (worn) {MR+ Dex+3}
   (You bought it in a shop in the Dungeon)

   It affects your dexterity (+3).
   It affects your resistance to hostile enchantments.
Jewellery
 a - the ring of Hepliaklqana's Delight {rF+ rC+}
   (You bought it in a shop in the Dungeon)

   [ring of protection from fire]

   It protects you from fire.
   It protects you from cold.
 p - the ring "Jioziomo" (left claw) {+Fly rElec rPois rF+ rC+}
   (You bought it in a shop in the Dungeon)

   [ring of flight]

   It protects you from fire.
   It protects you from cold.
   It insulates you from electricity.
   It protects you from poison.
   It lets you fly.
 r - the amulet "Riniv" (around neck) {Acrobat rF+ rC+ rN+}
   (You bought it in a shop in the Dungeon)

   [amulet of the acrobat]

   It helps you evade while moving and waiting.
   It protects you from fire.
   It protects you from cold.
   It protects you from negative energy.
 s - the ring of Saabam {MR++ EV+1}
   (You bought it in a shop in the Dungeon)

   [ring of evasion]

   It affects your evasion (+1).
   It affects your resistance to hostile enchantments.
 u - the ring "Soahelas" {*Slow +Fly MP-9 Int+7 Slay+3}
   (You bought it in a shop in the Dungeon)

   [ring of flight]

   It affects your intelligence (+7).
   It affects your accuracy and damage with ranged weapons and melee attacks
   (+3).
   It affects your magic capacity (-9).
   It lets you fly.
   It may slow you when you take damage.
 v - the ring "Boxi" {rPois MR++ Str+3 Int-5 Stlth+}
   (You bought it in a shop in the Dungeon)

   [ring of strength]

   It affects your strength (+3).
   It affects your intelligence (-5).
   It protects you from poison.
   It affects your resistance to hostile enchantments.
   It makes you more stealthy.
 w - the ring "Vecieggu" (right claw) {rF+ Int+3}
   (You bought it in a shop in the Dungeon)

   [ring of protection from fire]

   It affects your intelligence (+3).
   It protects you from fire.
 x - the ring "Badghonk" {rF+ MR+ Stlth-}
   (You bought it in a shop in the Dungeon)

   [ring of attention]

   It protects you from fire.
   It affects your resistance to hostile enchantments.
   It makes you less stealthy.
Wands
 k - a wand of acid (4)
Scrolls
 j - 2 scrolls of blinking
 m - 3 scrolls of fog
 o - 3 scrolls of identify
Potions
 c - a potion of might
 g - 4 potions of haste
 h - 2 potions of magic
 i - a potion of berserk rage
 n - a potion of resistance
Comestibles
 d - 23 rations


   Skills:
 + Level 14.9 Fighting
 + Level 9.2 Armour
 - Level 3.1 Dodging
 - Level 9.1 Shields
 - Level 16.0 Unarmed Combat
 + Level 6.7 Spellcasting
 + Level 8.0 Summonings
 + Level 7.5 Air Magic


You had 22 spell levels left.
You knew the following spells:

 Your Spells              Type           Power        Failure   Level  Hunger
a - Summon Lightning Spi  Summ/Air       ###.....     99%         4    ####...

Your spell library contained the following spells:

 Spells                   Type           Power        Failure   Level  Hunger
 Silence                  Hex/Air        ##........   100%        5    ######.
 Conjure Ball Lightning   Conj/Air       ##........   100%        6    #######
 Deflect Missiles         Chrm/Air       ##........   100%        6    #######
 Tornado                  Air            ###.......   100%        9    #######


Dungeon Overview and Level Annotations

Branches:
Dungeon (1/1)

Altars:
Cheibriados
Dithmenos
Fedhas
Gozag
Kikubaaqudgha
Makhleb
Okawaru
Qazlal
Ru
Sif Muna
Trog
Uskayaw
Vehumet
Wu Jian
Xom
Yredelemnul
Zin
The Shining One
Beogh
Jiyva
Lugonu

Shops:
D *[%??*?*:[((!!!!


Innate Abilities, Weirdness & Mutations

You are too large for most types of armour.
You have claws for hands.
Your metabolism is lightning-fast.
You like to eat raw meat.
Your natural rate of healing is unusually fast.
You are covered in fur. (AC +1)
You have extremely tough skin. (AC +3)
You occasionally shout uncontrollably at your foes.


Message History

The two-headed ogre hits you but does no damage.
The two-headed ogre hits you with a +0 giant club!!
* * * LOW HITPOINT WARNING * * *
The moth of wrath bites you but does no damage.
Unknown command.
You mangle the moth of wrath!!
The moth of wrath is heavily wounded.
The two-headed ogre hits you but does no damage.
You block the two-headed ogre's attack.
You mangle the moth of wrath!!
The moth of wrath is almost dead.
You block the moth of wrath's attack. The moth of wrath bites you!
* * * LOW HITPOINT WARNING * * *
The moth of wrath completely misses you.
Your gold dragon scales prevents you from hitting the moth of wrath.
The moth of wrath is almost dead.
You block the two-headed ogre's attack.
The two-headed ogre hits you with a +0 giant club!!
You die...
Your body crumbles into a pile of gold.

##∩.....∩## #∩.....[.∩#
#_......._# #.[......_#
#........_# ###.........###
#⌠..)...[....⌠#
######.8.........8.######
##∩___.=y@y.###[.....___∩#
###∩......Oy8.# #)8........∩
##..........O[.###...........
#⌠.........O###...###V.......
#⌠........OO# #.<.# #........
#⌠.......[.O###...###.W......
##.............###...........
###∩........8.# #.8........∩
##∩___......###......__.∩#


You could see 6 two-headed ogres and 3 moths of wrath.

Vanquished Creatures
  2 entropy weavers (D)
  A wizard (D)
  3 two-headed ogres (D)
  2 ogre magi (D)
  3 vampire magi (D)
  An iron troll (D)
  3 sea snakes (D)
  2 deep trolls (D)
  An orb spider (D)
  2 orc knights (D)
  2 wolf spiders (D)
  A deep elf mage (D)
  A guardian serpent (shapeshifter) (D)
  2 naga magi (D)
  A guardian mummy (D)
  A meliai (shapeshifter) (D)
  3 jumping spiders (D)
  Grinder (D)
  6 trolls (D)
  A raiju (shapeshifter) (D)
  9 redbacks (D)
  A tarantella (shapeshifter) (D)
  A golden eye (shapeshifter) (D)
  A warg (D)
  10 dwarves (D)
  A black bear (shapeshifter) (D)
  An orc warrior (D)
  A wolf (shapeshifter) (D)
  3 scorpions (D)
  6 vampire bats (D)
  A quasit (D)
  A jelly (D)
  3 orc priests (D)
  6 mummies (D)
  3 white imps (D)
  4 oozes (D)
91 creatures vanquished.

Notes
Turn   | Place    | Note
-------+----------+-------------------------------------------
     0 | D        | wilfster70 the Troll Fighter began the quest for the Orb.
     0 | D        | Reached XP level 1. HP: 22/22 MP: 0/0
     1 | D        | Found a stormy altar of Qazlal.
     2 | D        | Found an opulent altar of Gozag.
     3 | D        | Found a corrupted altar of Lugonu.
     3 | D        | Found a blossoming altar of Fedhas.
     4 | D        | Found Fabatife's Delicious Food.
     4 | D        | Found a viscous altar of Jiyva.
     4 | D        | Found a shadowy altar of Dithmenos.
     4 | D        | Found Bepicrum's Identification Station.
     5 | D        | Found Pufijil's Jewellery.
     5 | D        | Found Pirphaa's Advanced Armour.
     5 | D        | Round 1.
    12 | D        | Became a worshipper of Gozag Ym Sagoz the Greedy
    30 | D        | Bought a twitching graven amulet for 45 gold pieces
    30 | D        | Bought a sparkling lead ring for 45 gold pieces
    30 | D        | Identified the ring of Balance {Fire *Contam Str+8 Dex-5
                  | SInv} (You bought it in a shop in the Dungeon)
    40 | D        | Found a radiant altar of Vehumet.
    47 | D        | Found a bloodstained altar of Trog.
    48 | D        | Found a sacrificial altar of Ru.
    49 | D        | Found a hide-covered altar of Uskayaw.
    49 | D        | Found a basalt altar of Yredelemnul.
    50 | D        | Found an ancient bone altar of Kikubaaqudgha.
    50 | D        | Found a glowing silver altar of Zin.
    50 | D        | Found Wittys's Premium Goods.
    50 | D        | Found Vysup's Weapon Rack.
    51 | D        | Found Zaboergha's Miscellaneous Merchandise.
    51 | D        | Found Kucheror's Basic Armour.
    54 | D        | Found an iron altar of Okawaru.
    61 | D        | Found a burning altar of Makhleb.
    63 | D        | Found Bepocaoh's Do-It-Yourself Clinic.
    64 | D        | Found Ninerhuiz's Bottled Wisdom.
    64 | D        | Found Xuixoata's Distillery.
    65 | D        | Found a glowing golden altar of the Shining One.
    65 | D        | Found a roughly hewn altar of Beogh.
    65 | D        | Found a deep blue altar of Sif Muna.
    65 | D        | Found Enuet's Distillery.
    69 | D        | Found a shimmering altar of Xom.
    70 | D        | Found an ornate altar of the Wu Jian Council.
    71 | D        | Found a snail-covered altar of Cheibriados.
    72 | D        | Found Kaadaikh's Staff Store.
    72 | D        | Found Oshasygu's Magic Scroll Shop.
    73 | D        | Found Piquestru's Must-Have Magic.
    73 | D        | Found Ugoanoh's Magic Scroll Shop.
   124 | D        | Reached XP level 2. HP: 26/31 MP: 1/1
   136 | D        | Reached skill level 4 in Unarmed Combat
   136 | D        | Reached XP level 3. HP: 33/39 MP: 2/2
   145 | D        | Arena points: 12 (+12) [x2]
   165 | D        | Bought 3 scrolls of identify for 150 gold pieces
   165 | D        | Identified the amulet of Temperance {Inacc Str+7 Dex+2}
                  | (You bought it in a shop in the Dungeon)
   173 | D        | Bought a brightly glowing amethyst amulet for 45 gold
                  | pieces
   173 | D        | Bought a wavering jade ring for 45 gold pieces
   173 | D        | Identified the amulet "Riniv" {Acrobat rF+ rC+ rN+} (You
                  | bought it in a shop in the Dungeon)
   175 | D        | Identified the ring "Fago" {rPois Stlth-} (You bought it in
                  | a shop in the Dungeon)
   216 | D        | Round 2.
   221 | D        | Noticed Grinder
   223 | D        | Paralysed by Grinder for 5 turns
   240 | D        | Paralysed by Grinder for 3 turns
   243 | D        | HP: 1/39 [white imp/puff of frost (4)]
   247 | D        | Killed Grinder
   247 | D        | Reached skill level 5 in Fighting
   247 | D        | Reached skill level 5 in Shields
   247 | D        | Reached skill level 8 in Unarmed Combat
   247 | D        | Reached XP level 4. HP: 27/52 MP: 3/3
   247 | D        | Reached XP level 5. HP: 31/59 MP: 4/4
   269 | D        | Reached XP level 6. HP: 36/67 MP: 5/5
   297 | D        | Reached skill level 9 in Unarmed Combat
   311 | D        | Arena points: 48 (+36) [x3]
   327 | D        | Bought an ichor-stained large shield for 332 gold pieces
   337 | D        | Identified the +0 large shield of Good Intentions {rF+
                  | Str+5 Dex-5} (You bought it in a shop in the Dungeon)
   337 | D        | Lost dexterity.
   355 | D        | Round 3.
   371 | D        | Reached skill level 10 in Unarmed Combat
   384 | D        | Arena points: 132 (+84) [x4]
   384 | D        | Reached XP level 7. HP: 76/76 MP: 6/6
   401 | D        | Bought 3 scrolls of identify for 150 gold pieces
   402 | D        | Bought a bloodstained shield for 332 gold pieces
   402 | D        | Identified the +5 shield of the Rabble {Str-4 Dex+2 SInv}
                  | (You bought it in a shop in the Dungeon)
   420 | D        | Bought 2 rations for 40 gold pieces
   420 | D        | Bought 2 rations for 40 gold pieces
   420 | D        | Bought 2 rations for 40 gold pieces
   433 | D        | Round 4.
   440 | D        | Noticed a jumping spider
   442 | D        | Noticed a jumping spider
   448 | D        | Noticed a redback
   455 | D        | Killed a redback
   455 | D        | Reached skill level 11 in Unarmed Combat
   462 | D        | Killed a jumping spider
   462 | D        | Reached skill level 12 in Unarmed Combat
   462 | D        | Reached XP level 8. HP: 44/88 MP: 7/7
   464 | D        | Killed a jumping spider
   483 | D        | Arena points: 292 (+160) [x5]
   514 | D        | Round 5.
   526 | D        | Noticed a witch
   548 | D        | Killed a witch
   548 | D        | Arena points: 572 (+280) [x7]
   548 | D        | Reached skill level 13 in Unarmed Combat
   548 | D        | Reached XP level 9. HP: 58/98 MP: 8/8
   552 | D        | Got a decaying rune of Zot
   553 | D        | Reached skill level 5 in Armour
   553 | D        | Reached XP level 10. HP: 67/107 MP: 9/9
   671 | D        | Bought 3 potions of experience for 900 gold pieces
   671 | D        | Reached XP level 11. HP: 115/115 MP: 9/15
   672 | D        | Reached XP level 12. HP: 123/123 MP: 9/16
   673 | D        | Reached XP level 13. HP: 131/131 MP: 9/17
   721 | D        | Round 6.
   753 | D        | Reached skill level 14 in Unarmed Combat
   863 | D        | Arena points: 1004 (+432) [x8]
   863 | D        | Reached skill level 15 in Unarmed Combat
   878 | D        | Bought +0 gold dragon scales for 960 gold pieces
   914 | D        | Round 7.
   925 | D        | Reached skill level 10 in Fighting
  1041 | D        | Arena points: 1060 (+56) [x1]
  1056 | D        | Round 8.
  1078 | D        | Reached skill level 16 in Unarmed Combat
  1141 | D        | Arena points: 1236 (+176) [x2]
  1173 | D        | Bought a book of the Sky for 455 gold pieces
  1199 | D        | Learned a level 4 spell: Summon Lightning Spire
  1216 | D        | Bought 3 scrolls of identify for 150 gold pieces
  1216 | D        | Bought 3 scrolls of identify for 150 gold pieces
  1217 | D        | Round 9.
  1244 | D        | Bought a heavily runed amber ring for 45 gold pieces
  1244 | D        | Bought a smoking turquoise ring for 45 gold pieces
  1244 | D        | Bought a bound tin ring for 45 gold pieces
  1244 | D        | Bought a brightly glowing brass ring for 45 gold pieces
  1244 | D        | Bought a slimy bone ring for 45 gold pieces
  1244 | D        | Bought a twitching ivory ring for 45 gold pieces
  1244 | D        | Identified the ring of Hepliaklqana's Delight {rF+ rC+}
                  | (You bought it in a shop in the Dungeon)
  1245 | D        | Identified the ring of Goziasebb {rF- rC+ Str+5 Dex+6 SInv}
                  | (You bought it in a shop in the Dungeon)
  1329 | D        | Arena points: 1479 (+243) [x3]
  1343 | D        | Identified the ring "Soahelas" {*Slow +Fly MP-9 Int+7
                  | Slay+3} (You bought it in a shop in the Dungeon)
  1344 | D        | Identified the ring "Boxi" {rPois MR++ Str+3 Int-5 Stlth+}
                  | (You bought it in a shop in the Dungeon)
  1345 | D        | Identified the ring "Vecieggu" {rF+ Int+3} (You bought it
                  | in a shop in the Dungeon)
  1346 | D        | Identified the ring "Badghonk" {rF+ MR+ Stlth-} (You bought
                  | it in a shop in the Dungeon)
  1362 | D        | Gained mutation: You occasionally shout uncontrollably at
                  | your foes. [mutagenic glow]
  1394 | D        | Round 10.
  1407 | D        | Bought a sparkling pewter ring for 45 gold pieces
  1407 | D        | Bought a glittering turquoise ring for 45 gold pieces
  1407 | D        | Identified the ring "Jioziomo" {+Fly rElec rPois rF+ rC+}
                  | (You bought it in a shop in the Dungeon)
  1411 | D        | Identified the ring of Saabam {MR++ EV+1} (You bought it in
                  | a shop in the Dungeon)
  1420 | D        | Noticed an entropy weaver
  1435 | D        | Killed an entropy weaver
  1435 | D        | Reached skill level 5 in Summonings
  1481 | D        | Reached skill level 5 in Air Magic
  1496 | D        | Noticed an entropy weaver
  1512 | D        | Killed an entropy weaver
  1569 | D        | Arena points: 1559 (+80) [x1]
  1576 | D        | Got a gossamer rune of Zot
  1584 | D        | Bought 4 scrolls of enchant armour for 300 gold pieces
  1584 | D        | Bought 4 scrolls of enchant armour for 300 gold pieces
  1614 | D        | Bought 3 scrolls of identify for 150 gold pieces
  1614 | D        | Bought 3 scrolls of identify for 150 gold pieces
  1615 | D        | Bought a twisted cloak for 332 gold pieces
  1615 | D        | Bought a dazzling hat for 315 gold pieces
  1615 | D        | Identified the +1 cloak "Olablid" {-Cast rN+ Str+9 SInv}
                  | (You bought it in a shop in the Dungeon)
  1616 | D        | Identified the +0 hat of Idealism {MR+ Dex+3} (You bought
                  | it in a shop in the Dungeon)
  1624 | D        | Bought an ichor-stained cloak for 332 gold pieces
  1624 | D        | Identified the +2 cloak "Wavath" {MP+9 Int-5 Dex+7} (You
                  | bought it in a shop in the Dungeon)
  1644 | D        | Bought a +0 cloak for 54 gold pieces
  1758 | D        | Round 11.
  1787 | D        | Reached skill level 5 in Spellcasting
  1823 | D        | Arena points: 1735 (+176) [x2]
  1838 | D        | Round 12.
  1960 | D        | Arena points: 2095 (+360) [x3]
  1972 | D        | Bought 20 rations for 1500 gold pieces
  1998 | D        | Round 13.
  2136 | D        | Noticed a jiangshi
  2181 | D        | Arena points: 2212 (+117) [x1]
  2196 | D        | Round 14.
  2211 | D        | Reached XP level 14. HP: 35/157 MP: 22/22
  2220 | D        | Mangled by a two-headed ogre

Skill      XL: |  1  2  3  4  5  6  7  8  9 10 11 12 13 14 |
---------------+-------------------------------------------+-----
Fighting       | 3 5 6 7 9 14 | 14.9
Dodging        | 3 |  3.1
Shields        | 3 5 6 7 9 |  9.1
Unarmed Combat | 4 8 10 12 13 16 | 16.0
Armour         | 5 9 |  9.2
Spellcasting   | 3 6 |  6.7
Summonings     | 4 7 8 |  8.0
Air Magic      | 4 7 |  7.5

Action                   |  1- 3 |  4- 6 |  7- 9 | 10-12 | 13-15 || total
-------------------------+-------+-------+-------+-------+-------++-------
Melee: Unarmed           |    30 |    26 |    36 |       |   302 ||   394
Evoke: Wand              |       |       |       |       |     6 ||     6
  Use: Scroll            |     3 |       |     1 |       |    21 ||    25
       Potion            |     1 |       |     1 |     3 |     4 ||     9
 Stab: Confused          |       |       |       |       |     4 ||     4
       Distracted        |       |       |       |       |     1 ||     1
  Eat: Ration            |       |       |     1 |       |     4 ||     5
Armor: Robe              |     5 |    22 |     5 |       |     3 ||    35
       Gold dragon scale |       |       |       |       |   212 ||   212
Dodge: Dodged            |     5 |    10 |    11 |       |    67 ||    93
Block: Shield            |     3 |    10 |    19 |       |   248 ||   280
